 Dungeon Crawl Stone Soup version 0.29-a0-337-g68df138881 (webtiles) character file.

Game seed: 2360416511285556327

467 avis the Ruffian (level 7, -2/63 HPs)
             Began as a Hill Orc Monk on Apr 17, 2022.
             Slain by Duvessa
             ... wielding a +0 rapier
              (12 damage)
             ... on level 4 of the Dungeon.
             The game lasted 00:19:58 (4149 turns).

avis the Ruffian (Hill Orc Monk)                    Turns: 4149, Time: 00:19:59

Health: -2/63      AC:  5    Str: 16    XL:     7   Next: 8%
Magic:  7/7        EV: 12    Int: 10    God:
Gold:   220        SH:  0    Dex: 13    Spells: 6/6 levels left

rFire   . . .      SeeInvis .   j - +3 dagger (speed)
rCold   . . .      Faith    .   (no shield)
rNeg    . . .      Spirit   .   g - +0 leather armour
rPois   .          Reflect  .   h - +0 helmet
rElec   .          Harm     .   (no cloak)
rCorr   .          Rampage  .   d - +0 pair of gloves
Will    .....                   (no boots)
Stlth   +.........              (no amulet)
HPRegen 0.20/turn               (no ring)
MPRegen 0.10/turn               (no ring)

@: confused, lit by a corona, ambrosia-drunk, hasted, glowing, very quick
A: no striking features
a: no special abilities


You were on level 4 of the Dungeon.
You visited 1 branch of the dungeon, and saw 4 of its levels.

You collected 220 gold pieces.

Inventory:

Hand Weapons
 j - a +3 dagger of speed (weapon)
 r - a +0 scythe
 s - a +0 spear
 B - a +0 vorpal mace
 C - a +0 spear
Missiles
 i - 112 stones
 u - 6 poisoned darts (quivered)
 A - 3 boomerangs
Armour
 a - a +0 robe
 d - a +0 pair of gloves (worn)
 g - a +0 leather armour (worn)
 h - a +0 helmet (worn)
 o - a +0 ring mail
 y - a +0 chain mail
Magical Staves
 k - a staff of cold
Scrolls
 c - 3 scrolls of identify
 e - 2 scrolls of magic mapping {unknown}
 f - a scroll of vulnerability {unknown}
 l - a scroll of fear {unknown}
 m - 2 scrolls of teleportation {unknown}
 n - a scroll of blinking {unknown}
 t - a scroll of holy word {unknown}
 w - a scroll of brand weapon {unknown}
Potions
 p - 2 potions of haste
 q - a potion of brilliance {unknown}
 v - a potion of degeneration {unknown}
 x - a potion of curing {unknown}
 z - 2 potions of heal wounds {unknown}


   Skills:
 + Level 6.1 Fighting
 - Level 2.4 Dodging
 - Level 1.5 Stealth
 * Level 7.2 Unarmed Combat


You had 6 spell levels left.
You didn't know any spells.
Your spell library contained the following spells:

 Spells                   Type           Power      Damage    Failure   Level
 Gell's Gravitas          Tloc           0%         N/A       80%         3
 Inner Flame              Hex/Fire       0%         N/A       80%         3
 Teleport Other           Tloc           0%         N/A       80%         3
 Tukima's Dance           Hex            0%         N/A       80%         3
 Cause Fear               Hex            0%         N/A       99%         4
 Passage of Golubria      Tloc           0%         N/A       99%         4
 Fireball                 Conj/Fire      0%         3d3       100%        5
 Yara's Violent Unravell  Hex/Tmut       0%         3d3       100%        5
 Dispersal                Tloc           0%         N/A       100%        6
 Starburst                Conj/Fire      0%         6d3       100%        6
 Discord                  Hex            0%         N/A       100%        8
 Ignition                 Fire           0%         3d3       100%        8


Dungeon Overview and Level Annotations

Branches:
Dungeon (4/15)
 Temple: D:4-7

Altars:

Shops:
D:1 [   D:4 =??

Annotations:
D:4 1 runed translucent door, Dowan; Duvessa; hgbash's ghost, amateur GnEE


Message History

Duvessa attacks as you move away! Duvessa closely misses you.
Dowan points at you and mumbles some strange words.
You are outlined in light.
Duvessa gestures with her weapon.
You completely miss Duvessa.
Duvessa is lightly wounded.
Duvessa hits you with a +0 rapier.
You closely miss Duvessa.
Duvessa is lightly wounded.
You hit Duvessa but do no damage.
Duvessa is lightly wounded.
Duvessa hits you with a +0 rapier!
You barely miss Duvessa.
Duvessa is lightly wounded.
Duvessa hits you with a +0 rapier!
* * * LOW HITPOINT WARNING * * *
Okay, then.
As you read the scroll labelled YKOSTI XUMOTIR, it crumbles to dust.
It is a scroll of identify.
p - 3 potions of haste Duvessa misses you.
You feel yourself speed up. Duvessa misses you.
You barely miss Duvessa.
Duvessa is lightly wounded.
You barely miss Duvessa.
Duvessa is lightly wounded.
You closely miss Duvessa.
Duvessa is lightly wounded.
Duvessa hits you with a +0 rapier!
* * * LOW HITPOINT WARNING * * *
You are confused.
You feel invigorated.
You hit Duvessa.
Duvessa is lightly wounded.
Duvessa hits you with a +0 rapier!
* * * LOW HITPOINT WARNING * * *
You hit Duvessa.
Duvessa is moderately wounded.
Duvessa hits you with a +0 rapier!
You die...

##..##..!..##.......
##...##W..##........
#.....##⌠##.........
#.#....###......#.##
.####≈≈.........#...#.#
.....≈≈.........#...#.#
####.≈≈e#####.#.#...#.#
#.≈≈e# #...#...#.#
#.≈≈@# #.......#
♣♣♣.≈≈.♣♣♣ ####....#
♣...≈≈...♣########.#.#
♣.8.≈≈.∩.♣#..........#
♣...≈≈...♣#.##.......##
♣.∩....♣.♣ #.###.....
♣...≈≈...♣ #.##....##
♣.∩.≈≈.♣.♣ #.##.##.#
♣...≈≈...♣ #.##.##.#


You could see Duvessa and Dowan.

Vanquished Creatures
  Sigmund (D:2)
  A phantom (D:3)
  An orc wizard (D:3)
  7 gnolls
  5 adders
  3 worms (D:2)
  3 dart slugs
  5 orcs
  4 endoplasms
  A giant cockroach (D:1)
  7 hobgoblins
  10 kobolds
  3 quokkas
  7 ball pythons
  2 frilled lizards
  5 goblins
  7 rats
72 creatures vanquished.

Notes
Turn   | Place    | Note
-------+----------+-------------------------------------------
     0 | D:1      | avis the Hill Orc Monk began the quest for the Orb.
     0 | D:1      | Reached XP level 1. HP: 19/19 MP: 1/1
    42 | D:1      | Found Gashra's Armour Boutique.
   525 | D:1      | Reached XP level 2. HP: 27/27 MP: 2/2
   773 | D:1      | Reached skill level 4 in Unarmed Combat
  1273 | D:2      | Reached XP level 3. HP: 26/33 MP: 3/3
  2020 | D:2      | Reached XP level 4. HP: 41/41 MP: 4/4
  2289 | D:3      | Reached skill level 5 in Unarmed Combat
  2298 | D:3      | Noticed Sigmund
  2623 | D:2      | Killed Sigmund
  2624 | D:2      | Reached skill level 5 in Fighting
  2624 | D:2      | Reached skill level 6 in Unarmed Combat
  2624 | D:2      | Reached XP level 5. HP: 15/48 MP: 5/5
  2624 | D:2      | Reached XP level 6. HP: 18/56 MP: 6/6
  3374 | D:3      | Reached skill level 7 in Unarmed Combat
  3675 | D:3      | Reached XP level 7. HP: 53/63 MP: 7/7
  4012 | D:4      | Found a runed translucent door.
  4012 | D:4      | Noticed hgbash's ghost (amateur GnEE)
  4057 | D:4      | Found Cyotewk's Magic Scroll Emporium.
  4059 | D:4      | Found Ahuin's Jewellery Shoppe.
  4060 | D:4      | Found Eret's Magic Scroll Shop.
  4116 | D:4      | Noticed Duvessa
  4122 | D:4      | Noticed Dowan
  4149 | D:4      | Slain by Duvessa

Illustrated notes

Levels and vault maps discovered:
D:1:      minmay_arrival_loop, layout_basic, serial_shops, nicolae_shop_crystal,
          grunt_decor_clamped
D:2:      minmay_kobold_bridge, layout_loops_ring, wad_floor_pattern_untrapped
D:3:      layout_rooms, nrook_loot_triangle, uniq_sigmund
D:4:      layout_loops_cross, hellmonk_ghost_happy_afterlife,
          nicolae_wooded_promenade, grunt_ministairs_9,
          nicolae_concentric_dashed_squares_wild, uniq_duvessa

Skill      XL: |  1  2  3  4  5  6 |
---------------+-------------------+-----
Fighting       | 4 5 6 |  6.1
Unarmed Combat | 4 6 7 |  7.2
Dodging        | |  2.4
Stealth        | |  1.5

Action                   |  1- 3 |  4- 6 |  7- 9 || total
-------------------------+-------+-------+-------++-------
Melee: Unarmed           |    41 |       |       ||    41
       Dagger            |    92 |   150 |    51 ||   293
       Punch             |       |     6 |     3 ||     9
  Use: Potion            |       |       |     2 ||     2
       Scroll            |       |       |     1 ||     1
 Stab: Sleeping          |     3 |     1 |       ||     4
Armor: Robe              |     1 |       |       ||     1
       Leather armour    |    21 |    17 |     4 ||    42
Dodge: Dodged            |    59 |    80 |    20 ||   159

Table legend: (Time is in decaauts)
 A = Elapsed time spent in this place.
 B = Non-inter-level travel time spent in this place.
 C = Inter-level travel time spent in this place.
 D = Time resting spent in this place.
 E = Time spent auto-exploring this place.
 F = Levels seen in this place.
 G = Mean time per level.
                   A        B        C        D        E       F      G
               +--------+--------+--------+--------+--------+-----+--------+
         Total |   4066 |   3693 |    373 |   1025 |   1670 |   4 | 1016.5 |
       Dungeon |   4066 |   3693 |    373 |   1025 |   1670 |   4 | 1016.5 |
               +--------+--------+--------+--------+--------+-----+--------+

Top non-repeatable levels by time:
     D:1: 1458 daAuts
     D:2: 1378 daAuts
     D:3: 915 daAuts
     D:4: 314 daAuts
